 Dungeon Crawl Stone Soup version 0.20-a0-517-g5f97612 (webtiles) character file.

2 Gorice the Grasshopper (level 1, -1/17 HPs)
             Began as a Barachian Wanderer on Jan 24, 2017.
             Slain by a gnoll
             ... wielding a +0 whip
              (4 damage)
             ... on level 1 of the Dungeon.
             The game lasted 00:01:53 (178 turns).

Gorice the Grasshopper (Barachian Wanderer)          Turns: 178, Time: 00:01:54

Health: -1/17      AC:  6    Str: 14    XL:     1   Next: 40%
Magic:  2/2        EV:  8    Int:  7    God:
Gold:   45         SH:  0    Dex:  9    Spells: 1/2 levels left

rFire    . . .     SeeInvis .   a - +2 dagger
rCold    . . .     Gourm    .   h - +0 scale mail
rNeg     . . .     Faith    .   (no shield)
rPois    .         Spirit   .   (no helmet)
rElec    .         Reflect  .   (no cloak)
rCorr    .         Harm     .   (no gloves)
MR       .....                  (no boots)
Stlth    ..........             g - amulet of rage
Regen    0.1/turn               (no ring)
                                (no ring)

@: slow
A: swims, slowness 1, strong legs 1
a: Hop, Evoke Berserk Rage


You were on level 1 of the Dungeon.
You were not hungry.

You visited 1 branch of the dungeon, and saw 1 of its levels.

You collected 45 gold pieces.

Inventory:

Hand Weapons
 a - a +2 dagger (weapon)
 m - a +0 hand axe of venom
   (You found it on level 1 of the Dungeon)
Missiles
 Z - 17 stones (quivered)
Armour
 e - a +0 robe
 h - a +0 scale mail (worn)
Jewellery
 g - an amulet of rage (around neck)
Scrolls
 l - a scroll of noise {unknown}
Potions
 b - 2 potions of heal wounds {!q}
 n - a potion of brilliance {unknown}
Books
 c - Jyski Ynwubb's Compendium of the Entourage

   Spells                             Type                      Level
   a - Summon Butterflies             Summoning                    1
   b - Summon Guardian Golem          Hexes/Summoning              3
 d - the Volume of the Traveller

   Spells                             Type                      Level
   a - Apportation                    Translocation                1
   b - Teleport Other                 Translocation                3
Comestibles
 f - a bread ration {!e}
 i - a meat ration {!e}
 j - a chunk of flesh
 k - a royal jelly


   Skills:
 + Level 2.3 Fighting
 + Level 1.3 Armour
 - Level 2.0 Stealth
 - Level 1.0 Spellcasting
   Level 1.0 Necromancy
   Level 3.0 Translocations


You had one spell level left.
You knew the following spells:

 Your Spells              Type           Power        Failure   Level  Hunger
B - Summon Butterflies    Summ           #.......     99%         1    ##.....


Dungeon Overview and Level Annotations

Branches:
Dungeon (1/15)

Altars:


Innate Abilities, Weirdness & Mutations

You can swim through water.
You cover ground slowly.
You can hop short distances.


Message History

m - a runed hand axe
Found a mace and a scale mail.
n - a white potion
Found a stone staircase leading down.
HP restored.
You see here a mace.
A gnoll comes into view. It is wielding a whip.
The gnoll shouts!
There is a stone staircase leading down here.
The gnoll hits you with a whip.
Damage: 3 (max 3)
You completely miss the gnoll. The gnoll barely misses you.
You barely miss the gnoll. The gnoll hits you with a whip.
Damage: 3 (max 3)
You hit the gnoll.
The gnoll is lightly wounded.
The gnoll closely misses you.
You closely miss the gnoll.
The gnoll is lightly wounded.
The gnoll hits you with a whip.
* * * LOW HITPOINT WARNING * * *
Damage: 3 (max 3)
You are too injured to fight recklessly!
You are too injured to fight recklessly!
You are too injured to fight recklessly!
You are too injured to fight recklessly!
You hit the gnoll.
The gnoll is moderately wounded.
The gnoll hits you but does no damage.
You closely miss the gnoll.
The gnoll is moderately wounded.
The gnoll completely misses you.
You barely miss the gnoll.
The gnoll is moderately wounded.
The gnoll closely misses you.
You closely miss the gnoll.
The gnoll is moderately wounded.
The gnoll hits you with a whip.
* * * LOW HITPOINT WARNING * * *
Damage: 5 (max 5)
You hit the gnoll.
The gnoll is heavily wounded.
The gnoll hits you but does no damage.
You hit the gnoll but do no damage.
The gnoll is heavily wounded.
The gnoll hits you but does no damage.
You hit the gnoll.
The gnoll is severely wounded.
The gnoll hits you with a whip.
You die...

######.# #.#.#.#
.......# #.....####
.....#.###........#
.....#............#
.....##.##.##.##..####
.....................###
.....##.##.##.)>.......#
.....#...#.#####..##.#.
#.####.#.#.# #@.# #.# #[
.#......g.# #.# ..
....#####.# #.. ###
###.. .# ### .# ## ##


You could see a gnoll.

Vanquished Creatures
  2 frilled lizards (D:1)
  A goblin (D:1)
  A kobold (D:1)
4 creatures vanquished.

Notes
Turn   | Place    | Note
-------+----------+-------------------------------------------
     0 | D:1      | Gorice the Barachian Wanderer began the quest for the Orb.
     0 | D:1      | Gorice set off with: a +2 dagger, a potion of heal wounds {!q}, Jyski Ynwubb's Compendium of the Entourage, the Volume of the Traveller, a +0 robe, a bread ration {!e}
     0 | D:1      | Reached XP level 1. HP: 16/16 MP: 2/2
     0 | D:1      | Identified Jyski Ynwubb's Compendium of the Entourage
     0 | D:1      | Identified the Volume of the Traveller
     2 | D:1      | Learned a level 1 spell: Summon Butterflies
   175 | D:1      | HP: 3/17 [gnoll/whip (5)]
   178 | D:1      | Slain by a gnoll

Vault maps used:
D:1:      dpeg_arrival_rooms_with_view

Action                   || total
-------------------------++-------
Melee: Dagger            ||    25
Armor: Scale mail        ||     8
       Robe              ||     1
Dodge: Dodged            ||     8

Table legend:
 A = Turns spent in this place as a percentage of turns spent in the entire game.
 B = Non-inter-level travel turns spent in this place as a percentage of non-inter-level travel turns spent in the entire game.
 C = Inter-level travel turns spent in this place as a percentage of turns spent in this place.
 D = Turns resting spent in this place as a percentage of non-inter-level travel turns spent in this place.
 E = Turns spent auto-exploring this place as a percentage of non-inter-level travel turns spent in this place.
 F = Non-inter-level travel turns spent in this place divided by the number of levels of this place that you've seen.
                   A       B       C       D       E      F
               +-------+-------+-------+-------+-------+----------------------
         Total | 100.0 | 100.0 |   0.0 |   1.5 |   3.1 | 131.0
       Dungeon | 100.0 | 100.0 |   0.0 |   1.5 |   3.1 | 131.0
               +-------+-------+-------+-------+-------+----------------------

Vault maps used:
D:1:      dpeg_arrival_rooms_with_view
